 Dungeon Crawl Stone Soup version 0.27.1-34-g3ba077fa99 (webtiles) character file.

Game seed: 6147233913117323906

2973 hawla the Magician (level 9, -10/62 HPs)
             Began as a Yellow Draconian Conjurer on Jan 25, 2022.
             Was a Follower of Vehumet.
             Killed from afar by a steam dragon (18 damage)
             ... with a ball of steam
             ... on level 8 of the Dungeon on Jan 26, 2022.
             The game lasted 00:30:31 (11707 turns).

hawla the Magician (Yellow Draconian Conjurer)     Turns: 11707, Time: 00:30:32

Health: -10/62     AC:  9    Str:  9    XL:     9   Next: 53%
Magic:  19/25      EV: 12    Int: 23    God:    Vehumet [*.....]
Gold:   32         SH:  5    Dex:  9    Spells: 8/21 levels left

rFire    . . .     SeeInvis +   w - +5 quarterstaff "Newtbane" {vorpal, +Blink rN+}
rCold    . . .     Faith    .   (shield currently unavailable)
rNeg     + . .     Spirit   .   (armour unavailable)
rPois    .         Reflect  +   (helmet restricted)
rElec    +         Harm     .   d - +1 cloak
rCorr    +         Rampage  .   (no gloves)
Will     .....                  (no boots)
Stlth    ++........             v - amulet of reflection
HPRegen  0.20/turn              g - ring of magical power
MPRegen  0.19/turn              m - ring of see invisible

@: no status effects
A: spit acid, AC +7, unfitting armour, cold-blooded, acid resistance, low mp 1,
electricity resistance, MP-powered wands
a: Breathe Acid, Renounce Religion, Evoke Blink


You were on level 8 of the Dungeon.
You worshipped Vehumet.
Vehumet was aware of your devotion.
You visited 2 branches of the dungeon, and saw 9 of its levels.

You collected 239 gold pieces.
You spent 207 gold pieces at shops.

Inventory:

Hand Weapons
 w - the +5 quarterstaff "Newtbane" (weapon) {vorpal, +Blink rN+}
   (You bought it in a shop on level 5 of the Dungeon)

   It inflicts extra damage upon your enemies.
   rN:        It protects you from negative energy.
   +Blink:    It lets you blink.
Missiles
 a - 4 boomerangs
 e - 69 poisoned darts (quivered)
Armour
 d - a +1 cloak (worn)
Jewellery
 f - a ring of ice
 g - a ring of magical power (left hand)
 m - a ring of see invisible (right hand)
 n - a ring of fire
 r - an amulet of regeneration
 t - an amulet of the acrobat
 v - an amulet of reflection (around neck)
Scrolls
 j - a scroll of teleportation
 l - a scroll of silence
 u - a scroll of identify
Potions
 b - a potion of ambrosia
 c - 2 potions of brilliance {unknown}
 h - a potion of lignification {unknown}
 i - 2 potions of cancellation
 k - a potion of mutation
 o - a potion of flight
 p - 2 potions of might {unknown}
 s - a potion of curing


   Skills:
 - Level 6.0 Throwing
 - Level 1.7 Dodging
 - Level 1.7 Stealth
 + Level 6.5 Spellcasting
 - Level 5.0 Conjurations
 - Level 4.0 Translocations
 - Level 5.0 Transmutations
 + Level 5.4 Air Magic


You had 8 spell levels left.
You knew the following spells:

 Your Spells              Type           Power      Damage    Failure   Level
a - Static Discharge      Conj/Air       31%        N/A       1%          2
b - Searing Ray           Conj           60%        3d5       1%          2
c - Iskenderun's Mystic   Conj/Tloc      28%        2d7       13%         4
d - Irradiate             Conj/Tmut      15%        3d18      28%         5

Your spell library contained the following spells:

 Spells                   Type           Power      Damage    Failure   Level
 Shock                    Conj/Air       100%       1d9       1%          1
 Magic Dart               Conj           100%       1d8       1%          1
 Dazzling Flash           Conj/Hex       38%        N/A       9%          3
 Airstrike                Air            16%        N/A       9%          4
 Call Imp                 Summ           7%         N/A       12%         2
 Call Canine Familiar     Summ           7%         N/A       24%         3
 Summon Lightning Spire   Summ/Air       20%        N/A       26%         4
 Lightning Bolt           Conj/Air       15%        1d29      26%         5
 Fulminant Prism          Conj/Hex       9%         3d7       28%         4
 Blade Hands              Tmut           15%        N/A       28%         5
 Lee's Rapid Deconstruct  Erth           3%         3d6*      92%         5
 Dragon Form              Tmut           15%        N/A       100%        7
 Maxwell's Capacitive Co  Air            16%        ∞         100%        8
 Animate Armour           Summ/Erth      Unusable   N/A       N/A         4

Dungeon Overview and Level Annotations

Branches:
Dungeon (8/15)             Temple (1/1) D:4
   Lair: D:8-11

Altars:
Ashenzari
Cheibriados
Dithmenos
Elyvilon
Fedhas
Gozag
Hepliaklqana
Kikubaaqudgha
Makhleb
Nemelex Xobeh
Okawaru
Qazlal
Ru
Sif Muna
Trog
Uskayaw
Vehumet
Wu Jian
Xom
Yredelemnul
Zin
The Shining One

Shops:
D:4 =   D:5 :*(=*


Innate Abilities, Weirdness & Mutations

You can spit globs of acid.
Your golden yellow scales are hard. (AC +7)
You cannot fit into any form of body armour.
You are cold-blooded and may be slowed by cold attacks.
You are resistant to acid. (rCorr)
Your magical capacity is low. (-10% MP)
You are resistant to electric shocks. (rElec)
You expend magic power (3 MP) to strengthen your wands.


Message History

The steam dragon misses you.
You barely miss the steam dragon.
The steam dragon is lightly wounded.
The steam dragon bites you.
The steam dragon claws you but does no damage.
A steam dragon comes into view.
You hit the steam dragon.
Your tail-slap misses the steam dragon.
The steam dragon is lightly wounded.
The steam dragon bites you but does no damage.
You block the steam dragon's attack.
You hit the steam dragon.
The steam dragon is moderately wounded.
The steam dragon bites you but does no damage.
The steam dragon closely misses you. x2
The steam dragon claws you but does no damage.
Casting: Searing Ray (safe; 1% risk of failure)
Confirm with . or Enter, or press ? or * to list all spells.
You erupt in a blast of force!
The mystic blast hits the steam dragon.
The steam dragon is heavily wounded.
The steam dragon is knocked back by the mystic blast.
You are engulfed in a cloud of scalding steam.
Casting: Iskenderun's Mystic Blast (dangerous; 13% risk of failure)
Confirm with . or Enter, or press ? or * to list all spells.
Aiming: Searing Ray (safe; 1% risk of failure)
Press: ? - help, Shift-Dir - straight line, f - steam dragon
Aim: a steam dragon (heavily wounded, 79% to hit)
The searing ray hits the steam dragon.
The steam dragon is heavily wounded. (Press . to maintain the ray.)
The steam dragon breathes steam at you. The ball of steam hits you!
The steam dragon breathes steam at you. The ball of steam hits you!!
* * * LOW HITPOINT WARNING * * *
Unknown command.
Okay, then.
You blink.
The steam dragon breathes steam at you. The ball of steam hits you!!
You die...

....# ##......# ##..##
#.....## ##..###.....#
#..... #.......###.##
##....... ##.##...##
##.## ##........
#.###...# #..##
#......... .## #....#
##..### #......... ##
#.###.# ##...#
#......... # #. .
##@.####.........
##.#####§.#.).........
.........§............
......................
.............D........
..........§.§§§§......
..........§.§D..D.....
..........§...........
..............§.......


You could see a steam dragon.

Vanquished Creatures
  Sigmund (D:3)
  Grum (D:8)
  Duvessa (D:5)
  A water moccasin (D:7)
  A sky beast (D:6)
  An orc warrior (D:8)
  A hornet zombie (D:8)
  A necrophage (D:7)
  A black bear (D:6)
  3 ogres
  2 wolves
  Blork the orc (D:6)
  A wyvern skeleton (D:7)
  A scorpion (D:7)
  Dowan (D:5)
  2 water moccasin skeletons (D:5)
  9 killer bees (D:7)
  4 wights (D:7)
  2 hounds (D:6)
  Crazy Yiuf (D:3)
  An orc priest (D:8)
  2 jellies
  A bullfrog skeleton (D:7)
  9 iguanas
  An orc wizard (D:8)
  A hound skeleton (D:5)
  4 gnolls (D:3)
  7 adders
  2 white imps
  4 ufetubi
  An adder zombie (D:5)
  4 worms
  A dart slug (D:1)
  9 orcs
  5 bats
  6 endoplasms
  7 giant cockroaches
  A goblin (D:3)
  10 hobgoblins
  8 jackals
  4 quokkas
  8 ball pythons
  5 frilled lizards
  9 kobolds
  7 rats
153 creatures vanquished.

Notes
Turn   | Place    | Note
-------+----------+-------------------------------------------
     0 | D:1      | hawla the Draconian Conjurer began the quest for the Orb.
     0 | D:1      | Reached XP level 1. HP: 14/14 MP: 3/3
   254 | D:1      | Gained mutation: You expend magic power (3 MP) to
                  | strengthen your wands. [potion of mutation]
   254 | D:1      | Gained mutation: Your magical capacity is low. (-10% MP)
                  | [potion of mutation]
   254 | D:1      | Gained mutation: You are resistant to electric shocks.
                  | (rElec) [potion of mutation]
   256 | D:1      | Reached skill level 1 in Translocations
   317 | D:1      | Reached XP level 2. HP: 20/20 MP: 0/4
   320 | D:1      | Learned a level 2 spell: Searing Ray
   956 | D:1      | Found a faded altar of an unknown god.
  1329 | D:2      | Reached XP level 3. HP: 26/26 MP: 3/6
  1947 | D:2      | Reached XP level 4. HP: 28/33 MP: 1/7
  1952 | D:2      | Learned a level 4 spell: Iskenderun's Mystic Blast
  2821 | D:3      | Noticed Sigmund
  3073 | D:3      | Killed Sigmund
  3074 | D:3      | Reached skill level 1 in Throwing
  3074 | D:3      | Reached XP level 5. HP: 36/38 MP: 1/9
  3074 | D:3      | Reached XP level 6. HP: 43/45 MP: 1/10
  3652 | D:3      | Found a runed translucent door.
  3653 | D:3      | Noticed Crazy Yiuf
  4295 | D:3      | Killed Crazy Yiuf
  4643 | D:4      | Found a staircase to the Ecumenical Temple.
  4675 | Temple   | Entered the Ecumenical Temple
  4884 | Temple   | Became a worshipper of Vehumet
  5289 | D:4      | Found Waukadum's Jewellery Emporium.
  5979 | D:5      | Entered Level 5 of the Dungeon
  5997 | D:5      | Your scales start taking on a golden yellow colour.
  5997 | D:5      | Reached XP level 7. HP: 43/50 MP: 4/11
  5997 | D:5      | Gained mutation: You are resistant to acid. (rCorr) [Yellow
                  | Draconian growth]
  6236 | D:5      | Found Ylep's Antique Weapon Shop.
  6392 | D:5      | Found Mesalib's Book Shoppe.
  6414 | D:5      | Found Jeikia's General Store.
  6449 | D:5      | Found Vuhaki Kipa's Jewellery Shoppe.
  6537 | D:5      | Noticed Duvessa
  6537 | D:5      | Noticed Dowan
  6591 | D:5      | Killed Dowan
  6708 | D:5      | Killed Duvessa
  6709 | D:5      | Reached skill level 1 in Transmutations
  6709 | D:5      | Reached skill level 1 in Air Magic
  7099 | D:5      | Found a hide-covered altar of Uskayaw.
  7099 | D:5      | Found a shadowy altar of Dithmenos.
  7100 | D:5      | Found an ornate altar of the Wu Jian Council.
  7136 | D:5      | Found Oforatutz's Assorted Antiques.
  7834 | D:6      | Learned a level 2 spell: Static Discharge
  8003 | D:6      | Reached XP level 8. HP: 57/57 MP: 12/13
  8119 | D:6      | Reached * piety under Vehumet
  8119 | D:6      | Offered knowledge of Shock by Vehumet.
  8206 | D:6      | Reached skill level 5 in Throwing
  8450 | D:6      | Noticed Blork the orc
  8461 | D:6      | Killed Blork the orc
  8462 | D:6      | Reached skill level 5 in Conjurations
  8468 | D:6      | Learned a level 5 spell: Irradiate
  8757 | D:7      | Reached skill level 5 in Spellcasting
  9265 | D:7      | Reached XP level 9. HP: 24/58 MP: 15/15
  9628 | D:7      | Found a sparkling altar of Nemelex Xobeh.
  9715 | D:7      | Got the Collected Works on Calling
 10465 | D:5      | Bought a translucent quarterstaff for 207 gold pieces
 10465 | D:5      | Identified the +5 quarterstaff "Newtbane" {vorpal, +Blink
                  | rN+} (You bought it in a shop on level 5 of the Dungeon)
 10651 | D:8      | HP: 3/62 [wolf[Grum] (7)]
 11008 | D:8      | Reached skill level 5 in Transmutations
 11008 | D:8      | Reached skill level 5 in Air Magic
 11015 | D:8      | Noticed Grum
 11031 | D:8      | Killed Grum
 11707 | D:8      | Killed from afar by a steam dragon

Illustrated notes

Levels and vault maps discovered:
D:1:      lightli_arrival_maybe_door_vault, layout_basic,
          dreamdust_ecumenical_altar_grove, serial_bayou_pond_a
D:2:      layout_loops_ring, serial_park_tiny_1, minmay_misc_feat_alley,
          serial_bayou_pond_d, minmay_fractal_squares_gapless_5
D:3:      minmay_bubble_buster, layout_basic, uniq_sigmund,
          uniq_crazy_yiuf_cottage
D:4:      layout_basic, minmay_temple_entry_stoned_glass,
          nicolae_inconvenience_store
D:5:      layout_cave_pods, gammafunk_temple_overflow_claw, serial_shops,
          nicolae_shop_competitors_out_of_business,
          nicolae_shop_window_shopping, nicolae_shop_overgrown_old_shop, shop,
          shop, uniq_duvessa
D:6:      layout_rooms, uniq_blork_the_orc
D:7:      layout_cave_pools, kennysheep_little_box, serial_co_window_serial,
          co_window_corner_a, co_window_of_opportunity_a, co_window_paths_a,
          co_window_paths_b, co_window_of_opportunity_a, co_window_paths_c,
          co_window_corner_cb, co_window_corner_ca, co_window_broadway_c,
          co_window_unsneaky_path_e, co_window_2corner, co_window_sun,
          co_window_paths_d, glass_columns_a, glass_columns_a, glass_columns_a
D:8:      layout_layer_cave, uniq_grum
Temple:   eino_narrow_crystal_temple

Skill      XL: |  1  2  3  4  5  6  7  8  9 |
---------------+----------------------------+-----
Translocations | 1 2 4 |  4.0
Spellcasting   | 3 4 5 6 |  6.5
Throwing       | 1 4 5 6 |  6.0
Transmutations | 2 4 5 |  5.0
Air Magic      | 2 3 5 |  5.4
Conjurations   | 5 |  5.0
Dodging        | |  1.7
Stealth        | |  1.7

Action                   |  1- 3 |  4- 6 |  7- 9 || total
-------------------------+-------+-------+-------++-------
Melee: Unarmed           |    30 |       |       ||    30
       Tailslap          |     3 |       |     7 ||    10
       Mace              |    14 |    16 |       ||    30
       Quarterstaff      |       |     8 |    81 ||    89
Throw: Dart              |       |     3 |    21 ||    24
 Cast: Magic Dart        |    34 |     8 |    20 ||    62
       Searing Ray       |    20 |    33 |    42 ||    95
       Iskenderun's Myst |       |     7 |    35 ||    42
       Static Discharge  |       |       |     7 ||     7
 Abil: Breathe Acid      |       |       |     2 ||     2
       Evoke Blink       |       |       |     1 ||     1
  Use: Potion            |     2 |     5 |     2 ||     9
       Scroll            |     1 |     1 |     8 ||    10
 Stab: Sleeping          |       |     2 |       ||     2
Armor: Skin              |    26 |    22 |    46 ||    94
Dodge: Dodged            |    42 |    53 |   116 ||   211
Block: Other             |       |       |     8 ||     8
